 Dungeon Crawl Stone Soup version 0.25-a0-55-g0753fd1ad2 (webtiles) character file.

Game seed: 8119313165733105649, levelgen mode: deterministic

510 Arixos the Slasher (level 7, -3/37 HPs)
             Began as a Vine Stalker Monk on Oct 25, 2019.
             Slain by an ogre
             ... wielding a +0 giant club
              (25 damage)
             ... on level 6 of the Dungeon.
             The game lasted 00:13:55 (5320 turns).

Arixos the Slasher (Vine Stalker Monk)              Turns: 5320, Time: 00:13:55

Health: -3/37      AC:  7    Str: 14    XL:     7   Next: 19%
Magic:  0/8        EV: 12    Int: 10    God:
Gold:   230        SH:  0    Dex: 18    Spells: 6/6 levels left

rFire    . . .     SeeInvis .   a - +0 falchion
rCold    . . .     Gourm    .   (no shield)
rNeg     . . .     Faith    .   j - +0 ring mail
rPois    .         Spirit   +   q - +0 helmet (curse)
rElec    .         Reflect  .   (no cloak)
rCorr    .         Harm     .   l - +0 pair of gloves
MR       .....                  (no boots)
Stlth    ++........             (no amulet)
HPRegen  0.52/turn              (no ring)
MPRegen  0.11/turn              (no ring)

@: lightly drained
A: fangs 2, regeneration 1, magic shield, antimagic bite, no potion heal 3, rot
immunity
a: no special abilities


You were on level 6 of the Dungeon.
You were not hungry.

You visited 1 branch of the dungeon, and saw 6 of its levels.

You collected 230 gold pieces.

Inventory:

Hand Weapons
 a - a +0 falchion (weapon)
 t - a +1 rapier of draining
Missiles
 e - 33 poisoned darts
 n - 6 curare-tipped darts (quivered)
Armour
 j - a +0 ring mail (worn)
 l - a +0 pair of gloves (worn)
 q - a cursed +0 helmet (worn)
Scrolls
 b - a scroll of amnesia {unknown}
 d - 6 scrolls of identify {unknown}
 f - 7 scrolls of remove curse {unknown}
 h - 4 scrolls of teleportation {unknown}
 o - a scroll of enchant armour {unknown}
 r - a scroll of blinking {unknown}
 s - a scroll of noise {unknown}
Potions
 g - 3 potions of curing
 i - a potion of might {unknown}
 m - a potion of degeneration {unknown}
 p - a potion of agility {unknown}
Comestibles
 c - 10 rations
 k - 2 chunks of flesh


   Skills:
 + Level 4.2(3.7) Fighting
 + Level 4.3(3.7) Long Blades
 + Level 2.7(2.1) Armour
 + Level 3.9(3.3) Dodging
 - Level 2.4(1.8) Stealth


You had 6 spell levels left.
You didn't know any spells.
Your spell library was empty.

Dungeon Overview and Level Annotations

Branches:
Dungeon (6/15)
 Temple: D:4-7

Altars:
Makhleb
Nemelex Xobeh
Zin


Innate Abilities, Weirdness & Mutations

You have extremely sharp teeth.
Your natural rate of healing is unusually fast.
When hurt, damage is shared between your health and your magic reserves.
Your bite disrupts and absorbs the magic of your enemies.
Potions cannot restore your health.
You are immune to rotting.


Message History

Things that are here:
a +0 leather armour; the human skeleton of Eustachio
Things that are here:
a +0 leather armour; the human skeleton of Eustachio
Found 23 sling bullets.
An ogre comes into view. It is wielding a +0 giant club.
You hit the ogre. Your bite misses the ogre.
The ogre is lightly wounded.
The ogre hits you with a +0 giant club!!
You hit the ogre. You bite the ogre, but do no damage.
The ogre is lightly wounded.
The ogre barely misses you.
You hit the ogre.
The ogre is lightly wounded.
The ogre closely misses you.
You hit the ogre.
The ogre is moderately wounded.
The ogre hits you with a +0 giant club!!
Ouch! That really hurt!
You die...

#..... #.....#
#...... .....#
....# ###
#.#.####.....
#(#..@O......
#.#..######.#
.######.#..#####
.................
#.####.#######..
#.####..#
#.....#.# ###.#
.....###.#.#
#...... ##. #.#.#
#.#.#.#


You could see an ogre.

Vanquished Creatures
  Eustachio (D:6)
  A necrophage (D:6)
  A hound (D:2)
  Terence (D:2)
  An orc wizard (D:4)
  3 gnolls
  7 adders
  An ooze (D:3)
  A worm (D:2)
  A dart slug (D:3)
  4 leopard geckos
  9 orcs
  2 ball pythons
  12 bats
  14 giant cockroaches (D:3)
  7 goblins
  10 hobgoblins
  5 jackals
  5 kobolds
  A quokka (D:2)
  4 frilled lizards
  A jackal zombie (D:6)
  4 rats
96 creatures vanquished.

Notes
Turn   | Place    | Note
-------+----------+-------------------------------------------
     0 | D:1      | Arixos the Vine Stalker Monk began the quest for the Orb.
     0 | D:1      | Reached XP level 1. HP: 11/11 MP: 2/2
   341 | D:1      | Reached XP level 2. HP: 12/16 MP: 1/3
   858 | D:1      | Reached XP level 3. HP: 20/20 MP: 4/4
   913 | D:1      | Found a sparkling altar of Nemelex Xobeh.
  2087 | D:2      | Reached skill level 1 in Armour
  2857 | D:2      | Gained mutation: Your natural rate of healing is unusually
                  | fast. [Vine Stalker growth]
  2857 | D:2      | Reached XP level 4. HP: 24/24 MP: 5/5
  2887 | D:2      | Noticed Terence
  2904 | D:2      | Killed Terence
  3015 | D:2      | Found a burning altar of Makhleb.
  3025 | D:2      | Reached XP level 5. HP: 23/28 MP: 6/6
  3338 | D:2      | Found a burning altar of Makhleb.
  4860 | D:4      | Reached XP level 6. HP: 31/33 MP: 7/7
  5041 | D:4      | You fall into a shaft and drop 2 floors!
  5049 | D:5      | Entered Level 5 of the Dungeon
  5052 | D:5      | Found a glowing silver altar of Zin.
  5198 | D:6      | Noticed a necrophage
  5209 | D:6      | Killed a necrophage
  5258 | D:6      | Noticed Eustachio
  5280 | D:6      | Killed Eustachio
  5280 | D:6      | Reached XP level 7. HP: 35/37 MP: 8/8
  5320 | D:6      | Slain by an ogre

Levels and vault maps discovered:
D:1:      dpeg_arrival_short_road, layout_loops_ring,
          nemelex_diamond_rough_becter
D:2:      layout_loops_ring, makhleb_blood_cavern_becter, grunt_ministairs_10,
          uniq_terence
D:3:      minmay_roachtagon, layout_basic, minmay_randomly_rotated_circles
D:4:      layout_cave_pods, gammafunk_temple_overflow_claw,
          lemuel_crystal_altar, first_ration, serial_park_tiny_1
D:5:      layout_basic, minitemple, nicolae_overflow_hidden_temple,
          minmay_temple_entry_glassed_door
D:6:      layout_loops_ring, fedhas_altar_decomposition, uniq_eustachio

Table legend:
 A = Non-vault XP
 B = Vault XP
 C = Vault XP percentage of total XP
 D = Non-vault monster count
 E = Vault monster count
 F = Vault count percentage of total count
                 A         B        C        D         E       F
            +---------+---------+-------+---------+---------+-------
      Total |     379 |     350 |  48.0 |      73 |      23 |  24.0
            +---------+---------+-------+---------+---------+-------
        D:1 |      41 |      15 |  26.8 |      22 |       1 |   4.3
        D:2 |      40 |     109 |  73.2 |      15 |       4 |  21.1
        D:3 |      75 |      35 |  31.8 |      23 |      17 |  42.5
        D:4 |      86 |       0 |   0.0 |       9 |       0 |   0.0
        D:6 |     137 |     191 |  58.2 |       4 |       1 |  20.0
            +---------+---------+-------+---------+---------+-------
